 Dungeon Sprint DCSS version 0.29-a0-870-g2c972031a6 (webtiles) character file.

Game seed: 2090221160108979504

1305 mhtbhm the Basher (level 8, -6/82 HPs)
             Began as a Gargoyle Fighter on July 17, 2022.
             Was an Elder of Okawaru.
             Mangled by a death yak (11 damage)
             ... in the Dungeon (Sprint VII: "The Pits").
             The game lasted 00:03:12 (1204 turns).

mhtbhm the Basher (Gargoyle Fighter)                Turns: 1204, Time: 00:03:13

Health: -6/82      AC: 29    Str: 21    XL:     8   Next: 57%
Magic:  14/14      EV:  8    Int: 10    God:    Okawaru [****..]
Gold:   0          SH:  5    Dex:  9    Spells: 7/7 levels left

rFire   . . .      SeeInvis .   a - +2 flail (protect)
rCold   . . .      Faith    .   c - +0 buckler
rNeg    + . .      Spirit   .   b - +4 chain mail
rPois   ∞          Reflect  .   r - +0 helmet
rElec   +          Harm     .   (no cloak)
rCorr   .          Rampage  .   (no gloves)
Will    .....      NoTele   +   (no boots)
Stlth   ..........              (no amulet)
HPRegen 0.23/turn               (no ring)
MPRegen 0.14/turn               (no ring)

@: berserking, under a protective aura, very quick
A: sickness immunity, AC +5, negative energy resistance 1, electricity
resistance, torment resistance 1, petrification resistance
a: Renounce Religion, Heroism, Finesse


You were in the Dungeon.
You worshipped Okawaru.
Okawaru was greatly pleased with you.
You visited 1 branch

Inventory:

Hand Weapons
 a - a +2 flail of protection (weapon)
Armour
 b - a +4 chain mail (worn)
 c - a +0 buckler (worn)
 r - a +0 helmet (worn)
Jewellery
 m - a +3 ring of intelligence
 n - a +3 ring of intelligence
Scrolls
 j - a scroll of blinking
 l - 5 scrolls of amnesia
Potions
 d - a potion of might
 e - 8 potions of curing
 f - 3 potions of heal wounds
 g - 2 potions of haste
 h - 4 potions of magic
 i - 3 potions of berserk rage
 k - 2 potions of invisibility
 o - 4 potions of resistance
 p - a potion of brilliance
 q - a potion of mutation


   Skills:
 + Level 8.7 Fighting
 + Level 10.9 Maces & Flails
 + Level 8.4 Armour
 + Level 3.2 Dodging
 + Level 0.7 Stealth
 + Level 8.0 Shields
 * Level 8.8 Invocations


You had 7 spell levels left.
You didn't know any spells.
Your spell library was empty.

Dungeon Overview and Level Annotations

Branches:
Dungeon (1/1)

Altars:
Ashenzari
Cheibriados
Dithmenos
Elyvilon
Fedhas
Gozag
Hepliaklqana
Kikubaaqudgha
Makhleb
Nemelex Xobeh
Okawaru
Qazlal
Ru
Sif Muna
Trog
Uskayaw
Vehumet
Wu Jian
Xom
Yredelemnul
Zin
The Shining One
Jiyva
Lugonu


Innate Abilities, Weirdness & Mutations

You are immune to sickness and miasma.
Your stone body is resilient. (AC +5)
You are immune to poison.
You resist negative energy. (rN+)
You are resistant to electric shocks. (rElec)
You are resistant to unholy torment.
You are immune to petrification.


Message History

You are too injured to fight recklessly!
You are too injured to fight recklessly!
You are too injured to fight recklessly!
You are too injured to fight recklessly!
You are too injured to fight recklessly!
You are too injured to fight recklessly!
You are too injured to fight recklessly!
You are too injured to fight recklessly!
You are too injured to fight recklessly!
You are too injured to fight recklessly!
You are too injured to fight recklessly!
You are too injured to fight recklessly!
You sock the spriggan!
You kill the spriggan!
Okawaru accepts your kill.
The orc warrior hits you but does no damage.
The death yak gores you!!
* * * LOW HITPOINT WARNING * * *
Your Shields skill increases to level 8!
You sock the death yak!
The death yak is lightly wounded.
Unknown command.
You sock the death yak!
The death yak is moderately wounded.
You block the orc warrior's attack. The death yak gores you!
* * * LOW HITPOINT WARNING * * *
You thump the death yak!
The death yak is moderately wounded.
Unknown command.
You completely miss the death yak.
The death yak is moderately wounded.
You block the death yak's attack. The orc warrior closely misses you.
You barely miss the death yak.
The death yak is moderately wounded.
Unknown command.
You sock the death yak!
The death yak is heavily wounded.
The orc warrior hits you but does no damage.
The death yak gores you!
You die...

#'#####......#..#......#
..#..##................#
..').#####'#####''######
###+###.......##''#
.....##.......##..#
.....##.......##..#
#'#####...<...##..# #
[))..##.......##..# .###
)))..##.......##@Y#....##
#######.......##)o'.....#
..#..###########.)'.....+
..#)############..'.....#
..#)#....#..[.##..#....##
#.#÷#....#..[.##..#..###
..#.)....'..))##..####
..#'#....#..))##..#
..'.#....#..))##..#


You could see a death yak and an orc warrior.

Vanquished Creatures
  2 spriggans (D)
  A basilisk (D)
  A steam dragon (D)
  A warg (D)
  Duvessa (D)
  A sky beast (D)
  2 centaurs (D)
  Blork the orc (D)
  Dowan (D)
  A crimson imp (D)
  2 orc priests (D)
  An iron imp (D)
  A gnoll (D)
  An adder (D)
  A river rat (D)
  2 bats (D)
  A bat zombie (D)
  An endoplasm (D)
  A giant cockroach (D)
  2 goblins (D)
  6 jackals (D)
  A kobold (D)
  A quokka skeleton (D)
33 creatures vanquished.

Notes
Turn   | Place    | Note
-------+----------+-------------------------------------------
     0 | D        | mhtbhm the Gargoyle Fighter began the quest for the Orb.
     0 | D        | Reached XP level 1. HP: 14/14 MP: 1/1
    74 | D        | Found a bloodstained altar of Trog.
    74 | D        | Found a shimmering blue altar of Sif Muna.
    74 | D        | Found a viscous altar of Jiyva.
    74 | D        | Found a hazy altar of Hepliaklqana.
    74 | D        | Found an opulent altar of Gozag.
    75 | D        | Found a glowing golden altar of the Shining One.
    75 | D        | Found a glowing silver altar of Zin.
    75 | D        | Found a basalt altar of Yredelemnul.
    75 | D        | Found a shimmering altar of Xom.
    75 | D        | Found an ornate altar of the Wu Jian Council.
    75 | D        | Found a sacrificial altar of Ru.
    75 | D        | Found a stormy altar of Qazlal.
    75 | D        | Found an iron altar of Okawaru.
    75 | D        | Found a sparkling altar of Nemelex Xobeh.
    75 | D        | Found a burning altar of Makhleb.
    75 | D        | Found a blossoming altar of Fedhas.
    75 | D        | Found a white marble altar of Elyvilon.
    75 | D        | Found a shadowy altar of Dithmenos.
    75 | D        | Found a snail-covered altar of Cheibriados.
    77 | D        | Found a radiant altar of Vehumet.
    77 | D        | Found a corrupted altar of Lugonu.
    78 | D        | Found a hide-covered altar of Uskayaw.
    78 | D        | Found an ancient bone altar of Kikubaaqudgha.
    78 | D        | Found a broken altar of Ashenzari.
    83 | D        | Became a worshipper of Warmaster Okawaru
   146 | D        | Reached skill level 1 in Invocations
   146 | D        | Reached XP level 2. HP: 20/20 MP: 1/3
   336 | D        | Noticed a sky beast
   347 | D        | Killed a sky beast
   347 | D        | Reached * piety under Okawaru
   348 | D        | Reached skill level 5 in Fighting
   348 | D        | Reached skill level 4 in Maces & Flails
   348 | D        | Reached skill level 5 in Armour
   348 | D        | Reached skill level 1 in Dodging
   348 | D        | Reached skill level 5 in Shields
   348 | D        | Reached XP level 3. HP: 25/27 MP: 3/5
   348 | D        | Reached XP level 4. HP: 30/32 MP: 3/6
   386 | D        | Reached XP level 5. HP: 34/36 MP: 6/8
   452 | D        | Noticed Duvessa
   452 | D        | Noticed a centaur
   461 | D        | Noticed Dowan
   466 | D        | Killed Duvessa
   466 | D        | Reached ** piety under Okawaru
   467 | D        | Reached skill level 6 in Maces & Flails
   467 | D        | Reached skill level 5 in Invocations
   467 | D        | Reached XP level 6. HP: 39/42 MP: 9/9
   475 | D        | Reached skill level 7 in Maces & Flails
   496 | D        | Killed Dowan
   540 | D        | Noticed a steam dragon
   548 | D        | Killed a steam dragon
   549 | D        | Reached skill level 8 in Maces & Flails
   549 | D        | Reached XP level 7. HP: 18/48 MP: 10/12
   737 | D        | Noticed Blork the orc
   737 | D        | Noticed a warg
   743 | D        | Killed a warg
   744 | D        | Reached skill level 9 in Maces & Flails
   754 | D        | Killed Blork the orc
   754 | D        | Reached *** piety under Okawaru
   932 | D        | Noticed a spriggan
   932 | D        | Noticed a basilisk
   956 | D        | Killed a spriggan
   957 | D        | Reached skill level 10 in Maces & Flails
   957 | D        | Reached XP level 8. HP: 46/54 MP: 12/14
   965 | D        | Reached **** piety under Okawaru
  1167 | D        | Noticed a death yak
  1167 | D        | Noticed a spriggan
  1198 | D        | Killed a spriggan
  1204 | D        | Mangled by a death yak

Illustrated notes

Levels and vault maps discovered:
D:        pitsprint [storerooms_1, entrance_room_1, metal_vault_1, armoury_1,
          mini_pit_1, grid_room_1, main_hall_1, silver_pit, the_coven_3,
          the_vestibule_1, steel_vault_4, golden_pit, hallway_of_sentries,
          crystal_vault_2, iron_vault_1, final_vault]

Skill      XL: |  1  2  3  4  5  6  7  8 |
---------------+-------------------------+-----
Fighting       | 4 5 6 7 8 |  8.7
Armour         | 4 5 6 7 8 |  8.4
Shields        | 4 5 6 7 8 |  8.0
Invocations    | 1 3 4 5 6 8 |  8.8
Maces & Flails | 4 6 8 10 | 10.9
Dodging        | 1 2 3 |  3.2
Stealth        | |  0.7

Action                   |  1- 3 |  4- 6 |  7- 9 || total
-------------------------+-------+-------+-------++-------
Melee: Mace              |    44 |    14 |       ||    58
       Flail             |     3 |    45 |    83 ||   131
  Use: Potion            |       |       |     6 ||     6
Armor: Scale mail        |    34 |    19 |       ||    53
       Chain mail        |       |    51 |    49 ||   100
Dodge: Dodged            |    24 |    35 |    29 ||    88
Block: Buckler           |    10 |    26 |    21 ||    57

Table legend: (Time is in decaauts)
 A = Elapsed time spent in this place.
 B = Non-inter-level travel time spent in this place.
 C = Inter-level travel time spent in this place.
 D = Time resting spent in this place.
 E = Time spent auto-exploring this place.
 F = Levels seen in this place.
 G = Mean time per level.
                   A        B        C        D        E       F      G
               +--------+--------+--------+--------+--------+-----+--------+
         Total |   1217 |   1217 |      0 |    673 |     83 |   1 | 1217.0 |
       Dungeon |   1217 |   1217 |      0 |    673 |     83 |   1 | 1217.0 |
               +--------+--------+--------+--------+--------+-----+--------+

Top non-repeatable levels by time:
       D: 1217 daAuts
